 Dungeon Crawl Stone Soup version 0.27.0-1-g7a089689b8 (webtiles) character file.

Game seed: 8827661794749953901

2 SnakkuSnakku7 the Skirmisher (level 1, 0/24 HPs)
             Began as an Ogre Delver on Aug 6, 2021.
             Slain by a hound (5 damage)
             ... on level 4 of the Dungeon.
             The game lasted 00:00:29 (227 turns).

SnakkuSnakku7 the Skirmisher (Ogre Delver)           Turns: 227, Time: 00:00:29

Health: 0/24       AC:  3    Str: 15    XL:     1   Next: 30%
Magic:  1/1        EV:  9    Int: 11    God:
Gold:   0          SH:  0    Dex: 10    Spells: 0/0 levels left

rFire    . . .     SeeInvis .   a - +0 mace
rCold    . . .     Faith    .   (no shield)
rNeg     . . .     Spirit   .   b - +0 robe
rPois    .         Reflect  .   (helmet restricted)
rElec    .         Harm     .   (no cloak)
rCorr    .         Rampage  .   (gloves unavailable)
Will     .....                  (boots unavailable)
Stlth    ++........             (no amulet)
HPRegen  0.08/turn              (no ring)
MPRegen  0.07/turn              (no ring)

@: no status effects
A: large, unfitting armour, tough skin 1
a: no special abilities


You were on level 4 of the Dungeon.
You visited 1 branch of the dungeon, and saw 2 of its levels.

Inventory:

Hand Weapons
 a - a +0 mace (weapon)
Armour
 b - a +0 robe (worn)
Wands
 g - a wand of digging (3)
Scrolls
 c - a scroll of fog
 d - a scroll of magic mapping
 e - a scroll of fear
Potions
 f - a potion of haste
 h - 2 potions of curing {unknown}


   Skills:
 - Level 4.0 Fighting
 + Level 2.0 Maces & Flails
 - Level 1.7 Dodging
 - Level 3.7 Stealth


You couldn't memorise any spells.
You didn't know any spells.
Your spell library contained the following spells:

 Spells                   Type           Power      Damage    Failure   Level
 Freeze                   Ice            0%         1d3       34%         1
 Frozen Ramparts          Ice            0%         1d2       71%         3
 Hailstorm                Conj/Ice       0%         3d3       98%         4


Dungeon Overview and Level Annotations

Branches:
Dungeon (5/15)
 Temple: D:4-7

Altars:


Innate Abilities, Weirdness & Mutations

You are too large for most types of armour.
You have tough skin. (AC +1)


Message History

You hear the slow hiss of an avalanche of sand very nearby.
You start resting.
You hear the slow hiss of an avalanche of sand very nearby.
You start resting.
A kobold is nearby!
You start resting.
You hear the hiss of an avalanche of sand very nearby.
A hound comes into view.
You start resting.
You hear the hiss of an avalanche of sand nearby.
Found 16 arrows.
The hound barks!
The hound misses you.
You closely miss the hound.
The hound bites you but does no damage. x2
You barely miss the hound. The hound bites you but does no damage.
The hound bites you.
You barely miss the hound. The hound barely misses you. The hound bites you.
You hit the hound but do no damage. The hound barely misses you.
The hound bites you but does no damage.
You hit the hound.
The hound is lightly wounded.
The hound bites you but does no damage. x2
You hit the hound but do no damage.
The hound is lightly wounded.
The hound bites you. x2
You barely miss the hound.
The hound is lightly wounded.
The hound barely misses you. The hound bites you.
You barely miss the hound. The hound bites you. x2
You barely miss the hound. The hound bites you.
* * * LOW HITPOINT WARNING * * *
The hound bites you.
* * * LOW HITPOINT WARNING * * *
You hit the hound.
The hound is moderately wounded.
The hound bites you but does no damage. The hound closely misses you.
You completely miss the hound.
The hound is moderately wounded.
The hound bites you.
You die...

################
#.....>........#######
#.#####..#####........
#####..#####..####(. #
#.........##@.# #
#.#..##...#...h.......
#.....†...####..####..
###....#...........
#.##.##.#####....
#.##.##.# ####
#.......#......
####.####...$>. #...#
......


You could see a hound.

Vanquished Creatures
  A hobgoblin (D:4)
  A quokka skeleton (D:4)
2 creatures vanquished.

Notes
Turn   | Place    | Note
-------+----------+-------------------------------------------
     0 | D:5      | SnakkuSnakku7 the Ogre Delver began the quest for the Orb.
     0 | D:5      | Reached XP level 1. HP: 24/24 MP: 1/1
    43 | D:4      | Noticed a sky beast
   160 | D:4      | Noticed a hound
   227 | D:4      | Slain by a hound

Illustrated notes

Levels and vault maps discovered:
D:4:      layout_loops_cross, nicolae_ossuary_entry_plus,
          ebering_ghost_disaster_area
D:5:      minmay_evil_eye, layout_loops_ring, fedhas_altar_decomposition,
          serial_shops, nicolae_shop_trees, minmay_between

Skill      XL: |  1 |
---------------+----+-----
Maces & Flails | 2 |  2.0
Fighting       | |  4.0
Dodging        | |  1.7
Stealth        | |  3.7

Action                   || total
-------------------------++-------
Melee: Mace              ||    21
 Stab: Sleeping          ||     1
Armor: Robe              ||     8
Dodge: Dodged            ||     9
